 Dungeon Crawl Stone Soup version 0.18.1-8-gdd0e5ea (console) character file.

155 Kloppie the Slasher (level 5, -4/45 HPs)
             Began as a Centaur Berserker on June 12, 2016.
             Was a Believer of Trog.
             Slain by Sigmund
             ... wielding a cursed -1 scythe
              (8 damage)
             ... on level 3 of the Dungeon.
             The game lasted 00:03:04 (2293 turns).

Kloppie the Slasher (Centaur Berserker)             Turns: 2293, Time: 00:03:04

Health: -4/45      AC:  8    Str: 20    XL:     5   Next: 14%
Magic:  5/5        EV:  8    Int:  6    God:    Trog [**....]
Gold:   143        SH:  0    Dex:  9    Spells: 0 memorised, 4 levels left

rFire  . . .     SeeInvis .     a - +0 falchion
rCold  + . .     Gourm    .     e - +0 ring mail
rNeg   . . .     Faith    .     (no shield)
rPois  .         Spirit   .     d - +2 hat
rElec  .         Dismiss  .     (no cloak)
rCorr  .         Reflect  .     (no gloves)
SustAt .         Harm     .     (no barding)
MR     .....                    (no amulet)
Stlth  ..........               (no ring)
                                p - ring of protection from cold

@: exhausted, slowed, not resistant to hostile enchantments, extremely
unstealthy
A: hooves 3, deformed body, speed 2, tough skin 3
a: Berserk, Trog's Hand, Burn Spellbooks, Renounce Religion


You were on level 3 of the Dungeon.
You worshipped Trog.
Trog was pleased with you.
You were not hungry.

You visited 1 branch of the dungeon, and saw 3 of its levels.

You collected 143 gold pieces.

Inventory:

Hand Weapons
 a - a +0 falchion (weapon)
Armour
 d - a +2 hat (worn)
 e - a +0 ring mail (worn)
Jewellery
 p - a ring of protection from cold (left hand)
Scrolls
 b - a scroll of fear {unknown}
 g - a scroll of identify {unknown}
 j - 3 scrolls of enchant armour {unknown}
 m - a scroll of recharging {unknown}
 r - a scroll of noise {unknown}
Potions
 h - a potion of curing {unknown}
 i - a potion of mutation {unknown}
 k - a potion of flight {unknown}
 n - a potion of agility {unknown}
 o - a potion of magic {unknown}
 q - a potion of invisibility {unknown}
Comestibles
 c - 3 bread rations
 f - a slice of pizza
 l - 6 chunks of flesh


   Skills:
 + Level 3.6 Fighting
 * Level 4.3 Long Blades
 + Level 2.3 Armour
 - Level 1.3 Dodging


You had 4 spell levels left.
You didn't know any spells.

Dungeon Overview and Level Annotations

Branches:
Dungeon (3/15)

Altars:

Annotations:
D:3 Sigmund


Innate Abilities, Weirdness & Mutations

You have hooves in place of feet.
Armour fits poorly on your strangely shaped body.
You cover ground very quickly.
You have extremely tough skin (AC +3).


Message History

You are feeling very hungry.
Something hits you.
You hear some strange, mumbled words.
A magic dart appears from out of thin air!
The magic dart hits you! Something hits you.
* * * LOW HITPOINT WARNING * * *
You can move again.
You miss something. You kick something. Something hits you but does no damage.
You hit something. Something hits you.
* * * LOW HITPOINT WARNING * * *
Something hits you.
* * * LOW HITPOINT WARNING * * *
You barely miss something. Something hits you!
* * * LOW HITPOINT WARNING * * *
Drink which item? (? for menu, Esc to quit)
Okay, then.
Eat one of 7 chunks of flesh? (ye/n/q/i?) This raw flesh tastes terrible.
Something hits you!
You die...

#.# ##.<#
##.#########
#.####..#
#.# #
#.......# ..
# ######.##
# #.# #.#
#.####
#....#
#@##.# #{# #
#.. #...
#<### #.#
#.# #.#


There were no monsters in sight!

Vanquished Creatures
  Jessica (D:3)
  Ijyb (D:2)
  Robin (D:2)
  3 adders
  A worm (D:3)
  A dart slug (D:3)
  3 giant cockroaches
  13 goblins
  8 hobgoblins
  9 jackals (D:3)
  2 ball pythons (D:1)
  6 bats
  2 giant newts
  4 kobolds
  4 rats
59 creatures vanquished.

Notes
Turn   | Place    | Note
--------------------------------------------------------------
     0 | D:1      | Kloppie the Centaur Berserker began the quest for the Orb.
     0 | D:1      | Reached XP level 1. HP: 19/19 MP: 1/1
   373 | D:1      | Reached skill level 3 in Long Blades
   373 | D:1      | Reached XP level 2. HP: 26/26 MP: 2/2
   735 | D:2      | Reached ** piety under Trog
   908 | D:2      | Noticed Ijyb
   929 | D:2      | Killed Ijyb
   929 | D:2      | Reached XP level 3. HP: 23/31 MP: 3/3
  1070 | D:2      | Noticed Robin
  1105 | D:2      | Killed Robin
  1105 | D:2      | Reached XP level 4. HP: 13/38 MP: 4/4
  1890 | D:3      | Reached skill level 4 in Long Blades
  2192 | D:3      | Noticed Jessica
  2198 | D:3      | Killed Jessica
  2198 | D:3      | Reached XP level 5. HP: 39/45 MP: 5/5
  2273 | D:3      | Noticed Sigmund
  2293 | D:3      | Slain by Sigmund

Skill      XL: |  1  2  3  4 |
---------------+-------------+-----
Long Blades    | 3 4 |  4.3
Armour         | 2 |  2.3
Fighting       | |  3.6
Dodging        | |  1.3

Action                   |  1- 3 |  4- 6 || total
-------------------------+-------+-------++-------
Melee: Falchion          |   114 |    87 ||   201
       Kick              |    20 |    15 ||    35
Invok: Berserk           |     2 |     1 ||     3
  Eat: Pizza             |     1 |       ||     1
       Chunk             |       |     5 ||     5
Armor: Animal skin       |     2 |       ||     2
       Ring mail         |    56 |    51 ||   107
Dodge: Dodged            |    48 |    35 ||    83
